 Dungeon Crawl Stone Soup version 0.29-a0-1052-g6990b1bffc (webtiles) character file.

Game seed: 15234823804128166440

120 freelancePsychic the Vexing (level 4, 0/24 HPs)
             Began as a Deep Elf Arcane Marksman on Aug 17, 2022.
             Was an Initiate of Ru.
             Slain by a ball python (3 damage)
             ... on level 3 of the Dungeon.
             The game lasted 00:04:03 (3257 turns).

freelancePsychic the Vexing (DEAM)                  Turns: 3257, Time: 00:04:03

Health: 0/24       AC:  5    Str:  7    XL:     4   Next: 75%
Magic:  8/8        EV: 10    Int: 18    God:    Ru [......]
Gold:   180        SH:  0    Dex: 17    Spells: 5/6 levels left

rFire   . . .      SeeInvis .   a - +1 sling
rCold   . . .      Faith    .   (no shield)
rNeg    . . .      Spirit   .   c - +0 robe
rPois   .          Reflect  .   (no helmet)
rElec   .          Harm     .   e - +2 cloak
rCorr   .          Rampage  .   (no gloves)
Will    .....                   (no boots)
Stlth   ++........              (no amulet)
HPRegen 0.08/turn               (no ring)
MPRegen 0.11/turn               (no ring)

@: lethally poisoned (0 -> -6), constricted
A: no striking features
a: Renounce Religion


You were on level 3 of the Dungeon.
You worshipped Ru.
Ru was noncommittal.
You visited 1 branch of the dungeon, and saw 4 of its levels.

You collected 180 gold pieces.

Inventory:

Hand Weapons
 a - a +1 sling (weapon)
Armour
 c - a +0 robe (worn)
 e - a +2 cloak (worn)
Jewellery
 d - an amulet of faith
Wands
 n - a wand of mindburst (13)
Scrolls
 b - a scroll of poison
 f - a scroll of fog
 j - a scroll of teleportation {@r4}
 m - a scroll of immolation
 o - a scroll of blinking {unknown}
Potions
 g - a potion of berserk rage {unknown}
 h - a potion of curing {unknown}
 i - a potion of heal wounds {unknown}
 l - 2 potions of might {unknown}
 q - a potion of magic {unknown}


   Skills:
 + Level 0.7 Fighting
 + Level 4.4 Ranged Weapons
 - Level 2.4 Dodging
 + Level 3.2 Stealth
 - Level 1.5 Spellcasting
 - Level 5.3 Hexes


You had 5 spell levels left.
You knew the following spells:

 Your Spells              Type           Power      Damage    Failure   Level
a - Slow                  Hex            80%        N/A       2%          1

Your spell library contained the following spells:

 Spells                   Type           Power      Damage    Failure   Level
 Apportation              Tloc           2%         N/A       19%         1
 Inner Flame              Hex/Fire       10%        N/A       19%         3
 Portal Projectile        Hex/Tloc       20%        N/A       19%         3
 Cause Fear               Hex            10%        N/A       22%         4
 Alistair's Intoxication  Tmut/Pois      0%         N/A       99%         5


Dungeon Overview and Level Annotations

Branches:
Dungeon (4/15)
 Temple: D:4-7

Altars:
Ru


Message History

The adder barely misses you. The ball python barely misses you.
The ball python constricts you. The adder bites you but does no damage.
Fire: a) +1 sling
Press: ? - help, Shift-Dir - straight line, f/p - adder
Aim: an adder (severely wounded, slow, 42% to hit)
You shoot a sling bullet.
The sling bullet closely misses the adder.
The ball python bites you but does no damage.
The ball python constricts you. The adder barely misses you.
Fire: a) +1 sling
Press: ? - help, Shift-Dir - straight line, f/p - adder
Aim: an adder (severely wounded, slow, 42% to hit)
You shoot a sling bullet.
The sling bullet closely misses the adder.
The ball python barely misses you. The ball python constricts you.
The ball python bites you but does no damage.
The ball python constricts you. The adder bites you but does no damage.
Fire: a) +1 sling
Press: ? - help, Shift-Dir - straight line, f/p - adder
Aim: an adder (severely wounded, slow, 42% to hit)
You shoot a sling bullet.
The sling bullet barely misses the adder.
The ball python bites you but does no damage.
The ball python constricts you. The adder bites you.
You are poisoned.
The adder poisons you!
Fire: a) +1 sling
Press: ? - help, Shift-Dir - straight line, f/p - adder
Aim: an adder (severely wounded, slow, 42% to hit)
You shoot a sling bullet.
The sling bullet barely misses the adder.
You feel sick.
The ball python bites you but does no damage.
The ball python constricts you.
* * * LOW HITPOINT WARNING * * *
The adder bites you.
* * * LOW HITPOINT WARNING * * *
You are lethally poisoned!
The adder poisons you! The ball python bites you.
You die...

#.# #.##..### #.#
#.##..# #.# #.##..###
####.# #.#.#.... #....#
##########..###...
#.#### #..........##
##.. #.#
#.########..###.## #.#
#S#######....#.### #.#
#@S..............#
#.######
#########.#.####.#
#......# #.#.# #.#
######.############.#.#
#.# #...........>..#.#
#.# ################.#
#.# ##.# #.# #).# #..
#.## ###


You could see an adder (slow) and a ball python.

Vanquished Creatures
  4 adders
  A worm (D:3)
  2 dart slugs
  4 orcs
  5 endoplasms
  2 giant cockroaches
  10 goblins
  6 hobgoblins
  5 kobolds
  5 quokkas
  5 ball pythons
  6 bats
  4 frilled lizards
  9 rats
68 creatures vanquished.

Vanquished Creatures (collateral kills)
  A giant cockroach (D:1)
1 creature vanquished.

Grand Total: 69 creatures vanquished

Notes
Turn   | Place    | Note
-------+----------+-------------------------------------------
     0 | D:1      | freelancePsychic the Deep Elf Arcane Marksman began the
                  | quest for the Orb.
     0 | D:1      | Reached XP level 1. HP: 11/11 MP: 5/5
   110 | D:1      | Reached skill level 1 in Stealth
   140 | D:1      | Reached XP level 2. HP: 16/16 MP: 6/6
   461 | D:1      | Reached XP level 3. HP: 17/20 MP: 5/7
   659 | D:1      | Found a faded altar of an unknown god.
  1468 | D:2      | Reached XP level 4. HP: 24/24 MP: 8/8
  1674 | D:2      | Reached skill level 5 in Hexes
  2757 | D:3      | Found a sacrificial altar of Ru.
  2918 | D:3      | Became a worshipper of Ru the Awakened
  3257 | D:3      | Slain by a ball python

Illustrated notes

Levels and vault maps discovered:
D:1:      scummos_arrival_star, layout_loops_ring,
          dreamdust_ecumenical_altar_hidden_monk_grotto
D:2:      layout_loops_corners, roderic_lattice_a, minivault_26
D:3:      layout_loops_ring, nicolae_ru_path_of_blood
D:4:      layout_cave_pools, nicolae_yredelemnul_corpse_copse,
          nemelex_spade_bored_becter

Skill      XL: |  1  2  3  4 |
---------------+-------------+-----
Ranged Weapons | 3 4 |  4.4
Stealth        | 1 2 3 |  3.2
Hexes          | 5 |  5.3
Fighting       | |  0.7
Dodging        | |  2.4
Spellcasting   | |  1.5

Action                   |  1- 3 |  4- 6 || total
-------------------------+-------+-------++-------
 Fire: Sling             |   109 |    93 ||   202
 Cast: Slow              |    11 |     5 ||    16
  Use: Scroll            |     1 |     5 ||     6
Armor: Robe              |     6 |    20 ||    26
Dodge: Dodged            |    28 |    33 ||    61

Table legend: (Time is in decaauts)
 A = Elapsed time spent in this place.
 B = Non-inter-level travel time spent in this place.
 C = Inter-level travel time spent in this place.
 D = Time resting spent in this place.
 E = Time spent auto-exploring this place.
 F = Levels seen in this place.
 G = Mean time per level.
                   A        B        C        D        E       F      G
               +--------+--------+--------+--------+--------+-----+--------+
         Total |   3300 |   3161 |    139 |    213 |   2521 |   4 |  825.0 |
       Dungeon |   3300 |   3161 |    139 |    213 |   2521 |   4 |  825.0 |
               +--------+--------+--------+--------+--------+-----+--------+

Top non-repeatable levels by time:
     D:3: 1158 daAuts
     D:2: 1138 daAuts
     D:1: 923 daAuts
     D:4: 79 daAuts
